 Dungeon Crawl Stone Soup version 0.24-a0-114-g5d539f0 (console) character file.

Game seed: 16852626357149643811

52 Duffy the Caller (level 3, 0/28 HPs)
             Began as a Naga Summoner on Feb 15, 2019.
             Slain by a bat (1 damage)
             ... on level 2 of the Dungeon.
             The game lasted 00:01:47 (2113 turns).

Duffy the Caller (Naga Summoner)                    Turns: 2113, Time: 00:01:48

Health: 0/28       AC: -1    Str: 10    XL:     3   Next: 85%
Magic:  7/7        EV: 10    Int: 16    God:
Gold:   71         SH:  0    Dex: 11    Spells: 2/8 levels left

rFire    . . .     SeeInvis +   e - +0 dagger
rCold    . . .     Gourm    .   (no shield)
rNeg     . . .     Faith    .   a - +0 robe
rPois    +         Spirit   .   (no helmet)
rElec    .         Reflect  .   (no cloak)
rCorr    .         Harm     .   (no gloves)
MR       .....                  (no barding)
Stlth    ++........             (no amulet)
HPRegen  0.09/turn              g - -3 ring of protection (curse)
MPRegen  0.10/turn              (no ring)

@: very slow
A: large, see invisible, deformed body, poison resistance, slowness 2, slow
metabolism 1, spit poison 1, AC +1
a: Spit Poison


You were on level 2 of the Dungeon.
You were hungry.

You visited 1 branch of the dungeon, and saw 2 of its levels.

You collected 71 gold pieces.

Inventory:

Hand Weapons
 e - a +0 dagger (weapon)
Armour
 a - a +0 robe (worn)
Jewellery
 g - a cursed -3 ring of protection (left hand)
Wands
 i - a wand of random effects (14)
Scrolls
 d - 2 scrolls of identify
Potions
 b - a potion of ambrosia
 h - a potion of heal wounds {unknown}
 j - 2 potions of flight {unknown}
Comestibles
 c - 2 rations
 f - 2 chunks of flesh


   Skills:
 - Level 1.5 Dodging
 - Level 3.0 Stealth
 + Level 3.0 Spellcasting
 + Level 4.7 Summonings


You had 2 spell levels left.
You knew the following spells:

 Your Spells              Type           Power        Failure   Level  Hunger
h - Call Canine Familiar  Summ           ###.....     8%          3    ###....
j - Call Imp              Summ           ###.....     4%          2    ##.....
k - Summon Small Mammal   Summ           ###.         2%          1    #......

Your spell library contained the following spells:

 Spells                   Type           Power        Failure   Level  Hunger
 Summon Guardian Golem    Hex/Summ       ##......     22%         3    ###....
 Summon Ice Beast         Ice/Summ       ##......     56%         4    #####..
 Summon Lightning Spire   Summ/Air       ##......     56%         4    #####..


Dungeon Overview and Level Annotations

Branches:
Dungeon (2/15)

Altars:


Innate Abilities, Weirdness & Mutations

You cannot wear boots.
Your serpentine skin is tough. (AC +1)
You have supernaturally acute eyesight. (SInv)
Armour fits poorly on your strangely shaped body.
Your system is resistant to poisons. (rPois)
You cover ground very slowly.
You have a slow metabolism.
You can spit poison.


Message History

Your Spellcasting skill increases to level 3!
The bat hits you.
You see here an adder corpse.
The bat closely misses you.
You can't do that yet.
Unknown command.
You have got your breath back.
The bat hits you.
You see here an adder corpse.
The bat barely misses you.
You swing at nothing.
The bat hits you.
You swing at nothing.
The bat hits you.
You swing at nothing.
The bat closely misses you.
You swing at nothing.
The bat hits you.
You swing at nothing.
The bat barely misses you. The bat hits you.
You hit the bat.
The bat is severely wounded.
The bat barely misses you.
You swing at nothing.
The bat hits you.
You die...

#..##.~#~~~~~#~#
#..##.~#~###~#~#
#..#..~#~~ ~~#~#
#.<.#.~~~~~~~~~#
##..#............
#..........####.
#.#.#.###..#
#%#...# ..#
#@#.#.# ....
#b#.#..# ##
.......# #####. .
. ##


You could see a bat.

Vanquished Creatures
  An adder (D:2)
  2 dart slugs
  3 bats
  A giant cockroach (D:2)
  4 goblins
  3 hobgoblins
  6 kobolds
  A quokka (D:2)
  A ball python (D:1)
  3 frilled lizards
  6 rats
31 creatures vanquished.

Vanquished Creatures (collateral kills)
  An adder (D:2)
1 creature vanquished.

Grand Total: 32 creatures vanquished

Notes
Turn   | Place    | Note
-------+----------+-------------------------------------------
     0 | D:1      | Duffy the Naga Summoner began the quest for the Orb.
     0 | D:1      | Reached XP level 1. HP: 15/15 MP: 3/3
   245 | D:1      | Reached XP level 2. HP: 22/22 MP: 5/5
   474 | D:1      | Learned a level 2 spell: Call Imp
   499 | D:1      | HP: 1/22 [dart slug/slug dart (4)]
  1498 | D:2      | Reached XP level 3. HP: 27/28 MP: 6/6
  1503 | D:2      | Learned a level 3 spell: Call Canine Familiar
  2111 | D:2      | HP: 1/28 [bat (1)]
  2113 | D:2      | Slain by a bat

Levels and vault maps discovered:
D:1:      dpeg_arrival_tiny_g, layout_basic, minmay_bisected
D:2:      layout_loops_ring, minmay_crystal_water, grunt_ministairs_14,
          dk_noncrumbling_4

Skill      XL: |  1  2  3 |
---------------+----------+-----
Spellcasting   | 3 |  3.0
Dodging        | |  1.5
Stealth        | |  3.0
Summonings     | |  4.7

Action                   || total
-------------------------++-------
Melee: Dagger            ||    56
 Cast: Call Canine Famil ||     1
 Abil: Spit Poison       ||    38
  Use: Scroll            ||     2
 Stab: Sleeping          ||     1
  Eat: Chunk             ||     4
Armor: Robe              ||     3
Dodge: Dodged            ||    47

Table legend:
 A = Non-vault XP
 B = Vault XP
 C = Vault XP percentage of total XP
 D = Non-vault monster count
 E = Vault monster count
 F = Vault count percentage of total count
                 A         B        C        D         E       F
            +---------+---------+-------+---------+---------+-------
      Total |      73 |       2 |   2.7 |      31 |       1 |   3.1
            +---------+---------+-------+---------+---------+-------
        D:1 |      29 |       2 |   6.5 |      18 |       1 |   5.3
        D:2 |      44 |       0 |   0.0 |      13 |       0 |   0.0
            +---------+---------+-------+---------+---------+-------
